 Dungeon Crawl Stone Soup version 0.30-a0-728-gc68057be0a (webtiles) character file.

Game seed: 2656703147604024236

362 diecastcamel the Chopper (level 6, -4/65 HPs)
             Began as an Ogre Berserker on Jan 25, 2023.
             Was a Priest of Trog.
             Slain by an orc wizard
             ... wielding a +1 dagger of electrocution
              (17 damage)
             ... on level 4 of the Dungeon on Jan 30, 2023.
             The game lasted 00:33:47 (4683 turns).

diecastcamel the Chopper (Ogre Berserker)           Turns: 4683, Time: 00:33:48

Health: -4/65      AC: 10    Str: 24    XL:     6   Next: 66%
Magic:  6/6        EV: 10    Int:  8    God:    Trog [***...]
Gold:   48         SH:  0    Dex:  8    Spells: 5/5 levels left

rFire   . . .      SeeInvis .    l - +1 flail (protect)
rCold   . . .      Faith    .    (no shield)
rNeg    . . .      Spirit   .    b - +0 robe
rPois   .          Reflect  .    (helmet restricted)
rElec   .          Harm     .    (no cloak)
rCorr   .          Rampage  .    (gloves unavailable)
Will    .....                    (boots unavailable)
Stlth   +                        o - amulet of magic regeneration
HPRegen 0.30/turn                (no ring)
MPRegen 0.50/turn                (no ring)

@: lethally poisoned (-4 -> -10), under a protective aura
A: large, unfitting armour, tough skin 1
a: Renounce Religion, Berserk, Trog's Hand


You were on level 4 of the Dungeon.
You worshipped Trog.
Trog was most pleased with you.
You visited 1 branch of the dungeon, and saw 4 of its levels.
You also visited: Sewer.

You collected 48 gold pieces.

Inventory:

Hand Weapons
 a - a +0 hand axe
 l - a +1 flail of protection (weapon)
Missiles
 e - 18 stones
 j - 4 javelins
 m - a boomerang (quivered)
 t - 3 poisoned darts
Armour
 b - a +0 robe (worn)
Jewellery
 o - an amulet of magic regeneration (around neck)
Scrolls
 f - 2 scrolls of immolation
 h - 2 scrolls of butterflies
 p - a scroll of brand weapon
 r - a scroll of enchant weapon {unknown}
 u - a scroll of teleportation {unknown}
Potions
 c - a potion of mutation {unknown}
 d - a potion of degeneration {unknown}
 g - a potion of curing
 i - a potion of flight {unknown}
 k - a potion of lignification {unknown}
 q - 2 potions of haste {unknown}
 v - a potion of might {unknown}


   Skills:
 + Level 4.8 Fighting
 * Level 6.6 Axes
 + Level 1.7 Throwing
 - Level 2.6 Dodging


You had 5 spell levels left.
You didn't know any spells.
Your spell library was empty.

Dungeon Overview and Level Annotations

Branches:
Dungeon (4/15)              Sewer (visited)
 Temple: D:4-7

Altars:
Cheibriados
Nemelex Xobeh
Trog
Yredelemnul

Annotations:
D:4 Sigmund


Innate Abilities, Weirdness & Mutations

You are too large for most types of armour.
You have tough skin. (AC +1)


Message History

Your skin stops crawling.
You feel less strong-willed.
You feel sick. Something hits you but does no damage.
The orc hits you with a +1 dagger of venom.
Something hits you but does no damage. The orc barely misses you.
You barely miss something.
You feel sick. Something hits you. The orc barely misses you.
You feel much better.
You feel sick.
The orc hits you with a +1 dagger of venom.
You are more poisoned.
You hear some strange, mumbled words.
A magic dart appears from out of thin air!
The magic dart hits you!
You closely miss something.
You feel very sick. Something hits you.
The orc hits you with a +1 dagger of venom.
You hit something.
Your weapon exudes an aura of protection.
You feel very sick. Something hits you but does no damage.
The orc hits you with a +1 dagger of venom.
You are more poisoned.
You sock something!
You feel very sick. Something hits you but does no damage.
The orc closely misses you. Something completely misses you.
The orc hits you but does no damage.
You are lethally poisoned!
You miss something.
* * * LOW HITPOINT WARNING * * *
You feel very sick. Something hits you but does no damage.
The orc closely misses you.
It was a potion of curing.
You feel better. Something hits you.
* * * LOW HITPOINT WARNING * * *
The orc hits you but does no damage.
You are poisoned.
You feel sick. The orc hits you but does no damage. Something hits you.
* * * LOW HITPOINT WARNING * * *
You are electrocuted!
You die...

#.r.....## #.o......### . ##....
#)...## ..#. #..##.....#
....#.........# ##.
#..####.###..## # ....#
#..##).###...#.### #
.....####....o..#........ #
..#.......#.#.@...#....#..# #
...#......##[##.#.......#..# #
............#...............#####
............#.....#...#....###.##
..............)<..#...##.......#.
..............))..............†<.
..............#.#....#.#......†..
.......>......#....##.##.........
...................##....###.....


You could see an orc.

Vanquished Creatures
  A scorpion (D:3)
  A jelly (D:3)
  3 orc wizards
  4 gnolls
  2 adders (D:3)
  2 river rats (Sewer)
  2 worms
  8 dart slugs
  9 orcs
  14 endoplasms
  3 giant cockroaches
  8 goblins
  4 hobgoblins
  2 jackals (D:1)
  2 quokkas
  8 ball pythons
  5 bats
  3 frilled lizards
  12 kobolds
  10 rats
103 creatures vanquished.

Notes
Turn   | Place    | Note
-------+----------+-------------------------------------------
     0 | D:1      | diecastcamel the Ogre Berserker began the quest for the
                  | Orb.
     0 | D:1      | Reached XP level 1. HP: 24/24 MP: 1/1
   143 | D:1      | Reached XP level 2. HP: 26/32 MP: 2/2
   438 | D:1      | Reached skill level 4 in Axes
   534 | D:1      | Reached XP level 3. HP: 39/39 MP: 3/3
   961 | D:1      | Reached ** piety under Trog
  1670 | D:2      | Reached XP level 4. HP: 47/48 MP: 4/4
  2020 | D:3      | Noticed a scorpion
  2053 | D:3      | Reached skill level 5 in Axes
  2065 | D:3      | Found a faded altar of an unknown god.
  2069 | D:3      | Found a bloodstained altar of Trog.
  2172 | D:3      | Found a sparkling altar of Nemelex Xobeh.
  2172 | D:3      | Found a snail-covered altar of Cheibriados.
  2172 | D:3      | Found a basalt altar of Yredelemnul.
  2202 | D:3      | Found a faded altar of an unknown god.
  2250 | D:3      | Found a glowing drain.
  2274 | Sewer    | Entered a sewer
  2424 | Sewer    | Noticed a kobold brigand
  2555 | Sewer    | Noticed a kobold brigand
  2760 | D:3      | Killed a scorpion
  2761 | D:3      | Reached skill level 6 in Axes
  2761 | D:3      | Reached XP level 5. HP: 54/54 MP: 5/5
  3137 | D:3      | Upgraded the game from 0.30-a0-718-geaa24f58ff to
                  | 0.30-a0-719-gcc4359ea44
  3359 | D:3      | Reached skill level 1 in Throwing
  3359 | D:3      | Reached XP level 6. HP: 54/63 MP: 6/6
  3363 | D:3      | Reached *** piety under Trog
  4600 | D:4      | Noticed Sigmund
  4639 | D:4      | Upgraded the game from 0.30-a0-719-gcc4359ea44 to
                  | 0.30-a0-728-gc68057be0a
  4683 | D:4      | Slain by an orc wizard

Illustrated notes

Levels and vault maps discovered:
D:1:      lordsloth_arrival_two_stooges, layout_loops_corners
D:2:      layout_rooms, chequers_serial_rivers_micro_c, minmay_heptomino_d4
D:3:      layout_basic, chequers_temple_overflow_statue_of_worship,
          nicolae_overflow_ecumenical_swirl, portal_sewer_entry_d,
          dreamdust_ecumenical_altar_sealed_demon, grunt_ministairs_10,
          nrook_mini_vaults
D:4:      layout_cave_pools, uniq_sigmund

Skill      XL: |  1  2  3  4  5 |
---------------+----------------+-----
Axes           | 4 6 |  6.6
Throwing       | 1 |  1.7
Fighting       | |  4.8
Dodging        | |  2.6

Action                     |  1- 3 |  4- 6 || total
---------------------------+-------+-------++-------
  Melee: Hand axe          |   110 |   125 ||   235
         Punch             |     1 |     3 ||     4
         Flail             |       |    68 ||    68
  Throw: Stone             |     4 |    10 ||    14
         Dart              |       |     9 ||     9
         Javelin           |       |     5 ||     5
         Boomerang         |       |     4 ||     4
 Invoke: Berserk           |       |     3 ||     3
         Trog's Hand       |       |     2 ||     2
    Use: Scroll            |       |     4 ||     4
         Potion            |       |     2 ||     2
   Stab: Sleeping          |       |     1 ||     1
 Armour: Animal skin       |    10 |       ||    10
         Robe              |    11 |    59 ||    70
  Dodge: Dodged            |    39 |    75 ||   114

Table legend: (Time is in decaauts)
 A = Elapsed time spent in this place.
 B = Non-inter-level travel time spent in this place.
 C = Inter-level travel time spent in this place.
 D = Time resting spent in this place.
 E = Time spent auto-exploring this place.
 F = Levels seen in this place.
 G = Mean time per level.
                   A        B        C        D        E       F      G
               +--------+--------+--------+--------+--------+-----+--------+
         Total |   4744 |   4346 |    398 |    583 |   2226 |   5 |  948.8 |
       Dungeon |   4281 |   3883 |    398 |    320 |   2181 |   4 | 1070.2 |
         Sewer |    462 |    462 |      0 |    263 |     45 |   1 |  462.0 |
               +--------+--------+--------+--------+--------+-----+--------+

Top non-repeatable levels by time:
     D:3: 1807 daAuts
     D:1: 1325 daAuts
     D:2: 676 daAuts
     D:4: 472 daAuts
   Sewer: 462 daAuts
